 Dungeon Crawl Stone Soup version 0.32-a0-614-gd166fa89d2 (webtiles) character file.

Game seed: 1123214496985786617

4824 senseless the Trooper (level 10, 0/80 HPs)
             Began as a Demonspawn Shapeshifter on Mar 5, 2024.
             Was a Believer of Ashenzari.
             Slain by a meliai
             ... wielding a +0 hand axe
              (6 damage)
             ... on level 8 of the Dungeon.
             The game lasted 00:25:24 (7673 turns).

senseless the Trooper (Demonspawn Shapeshifter)     Turns: 7673, Time: 00:25:24

Health: 0/80       AC: 10    Str: 18    XL:     10   Next: 25%
Magic:  10/10      EV: 13    Int: 15    God:    Ashenzari [**....]
Gold:   329        SH:  0    Dex: 13    Spells: 9/9 levels left

rFire   . . .        t - +5 falchion of Ashenzari's Inaction {speed, rPois rN+ Int+4 Stlth+, Melee, Fort} (curse)
rCold   . . .        (no shield)
rNeg    + . .        i - +0 chain mail of the Gnostic Liberalism {Sorc, Melee} (curse)
rPois   +            m - melded +0 helmet
rElec   .            A - melded +1 cloak of Starlight {*Dazzle EV+4 Stlth--, Comp, Fort} (curse)
rCorr   .            (gloves currently unavailable)
SInv    +            w - melded +1 pair of boots
Will    .....        (no amulet)
Stlth   +            f - ring of Ashenzari's Orthodoxy {Slay+4, Self, Cun} (curse)
HPRegen 0.33/turn    (no ring)
MPRegen 0.12/turn

%: no passive effects
@: beast-form
A: beast (slay +3), demonic guardian 2, sturdy frame 3, demonic magic 1
a: Begin Untransformation, Renounce Religion, Shatter the Chains


You were on level 8 of the Dungeon.
You worshipped Ashenzari.
Ashenzari was pleased with you.
You were a hulking beast.
You visited 1 branch of the dungeon, and saw 8 of its levels.
You also visited: Ossuary.

You collected 329 gold pieces.

Inventory:

Hand Weapons
 a - a +5 flail
 t - the cursed +5 falchion of Ashenzari's Inaction (weapon) {speed, rPois rN+ Int+4 Stlth+, Melee, Fort}
   (You found it on level 6 of the Dungeon)

   Int+4:     It affects your intelligence (+4).
   rPois:     It protects you from poison.
   rN+:       It protects you from negative energy.
   Stlth+:    It makes you more stealthy.
   It has a curse which improves the following skills: Melee Combat: Short
   Blades, Long Blades, Axes, Maces & Flails, Polearms, Staves and Unarmed
   Combat.
   Fortitude: Armour and Shields.
Missiles
 e - 17 poisoned darts (quivered)
 F - 4 javelins
Armour
 i - the cursed +0 chain mail of the Gnostic Liberalism (worn) {Sorc, Melee}
   (You took it off an orc on level 5 of the Dungeon)

   It has a curse which improves the following skills: Sorcery: Conjurations and
   Alchemy.
   Melee Combat: Short Blades, Long Blades, Axes, Maces & Flails, Polearms,
   Staves and Unarmed Combat.
 m - a +0 helmet (melded)
 p - a +1 ring mail
 v - a +0 scale mail of willpower
 w - a +1 pair of boots (melded)
 A - the cursed +1 cloak of Starlight (melded) {*Dazzle EV+4 Stlth--, Comp, Fort}
   (You acquired it on level 6 of the Dungeon)

   *Dazzle:   It may blind those who miss an attack against the wearer in melee
   combat.
   EV+4:      It affects your evasion (+4).
   Stlth--:   It makes you much less stealthy.
   It has a curse which improves the following skills: Companions: Summonings
   and Necromancy.
   Fortitude: Armour and Shields.
Jewellery
 f - the cursed ring of Ashenzari's Orthodoxy (left hand) {Slay+4, Self, Cun}
   (You found it on level 1 of the Dungeon)

   [ring of slaying]

   Slay+4:    It affects your accuracy & damage with ranged weapons and melee
   (+4).
   It has a curse which improves the following skills: Introspection: Fighting
   and Spellcasting.
   Cunning:   Dodging and Stealth.
 I - an amulet of regeneration
Talismans
 c - a beast talisman (active)
 d - a flux talisman
Wands
 s - a wand of iceblast (4)
Scrolls
 j - a scroll of noise
 k - 6 scrolls of immolation
 x - 3 scrolls of teleportation
 y - a scroll of poison
 C - a scroll of enchant weapon
 E - a scroll of amnesia
 H - a scroll of brand weapon
Potions
 b - 2 potions of lignification
 g - 9 potions of curing
 h - 4 potions of invisibility
 l - 2 potions of cancellation
 n - a potion of might
 o - 3 potions of magic
 q - 3 potions of brilliance
 r - a potion of heal wounds
 u - a potion of berserk rage
 z - 3 potions of enlightenment
 B - a potion of resistance
 D - 2 potions of haste
 G - a potion of attraction


   Skills:
 + Level 6.9(8.1) Fighting
 + Level 5.4(6.5) Armour
 + Level 6.6(7.8) Dodging
 + Level 6.9(8.7) Unarmed Combat
 + Level 6.4 Shapeshifting


You had 9 spell levels left.
You didn't know any spells.
Your spell library contained the following spells:

 Spells                   Type           Power      Damage    Failure   Level
 Shock                    Conj/Air       0%         1d3       45%         1
 Call Imp                 Summ           0%         N/A       61%         2
 Sublimation of Blood     Necr           0%         N/A       61%         2
 Inner Flame              Hex/Fire       0%         N/A       83%         3
 Swiftness                Air            0%         N/A       83%         3
 Airstrike                Air            0%         2d(0-16)  99%         4
 Flame Wave               Conj/Fire      0%         2d4       99%         4
 Sticky Flame             Fire/Alch      0%         2d4       99%         4
 Summon Hydra             Summ           0%         N/A       100%        7


Dungeon Overview and Level Annotations

Branches:
Dungeon (8/15)             Temple (0/1) D:4         Ossuary (visited)
   Lair: D:8-11

Altars:
Ashenzari
Cheibriados
Hepliaklqana
Makhleb
Uskayaw
Xom

Shops:
D:1 =   D:4 =[


Innate Abilities, Weirdness & Mutations

You are a hulking beast.
Your limbs bulge with bestial killing power. (Slay +3)
A demonic guardian rushes to your aid.
Your movements are significantly less encumbered by armour. (ER -6)
Spells you cast may paralyse adjacent enemies.


Message History

Your orange demon barely misses the centaur.
The centaur dies!
Your orange demon stings the bullfrog!
The bullfrog is poisoned.
Your orange demon poisons the bullfrog!
Your orange demon misses the bullfrog.
The bullfrog barely misses your orange demon.
Your orange demon stings the bullfrog.
The bullfrog looks as sick as possible!
Your orange demon poisons the bullfrog!
Your orange demon misses the bullfrog.
The bullfrog hits your orange demon.
You start resting.
You sense a monster nearby.
You feel a bit more experienced.
You start resting.
An orc wizard is nearby!
You slash the orc wizard!
The orc wizard is almost dead.
You miss the orc wizard.
The orc wizard is almost dead.
The orc wizard hits you but does no damage.
You hit the orc wizard.
You kill the orc wizard!
You slash the bullfrog!
The bullfrog is heavily wounded.
The bullfrog hits you but does no damage.
The bullfrog hits you.
* * * LOW HITPOINT WARNING * * *
You slash the bullfrog!
The bullfrog is almost dead.
The queen bee changes into a yak!
The bullfrog hits you.
* * * LOW HITPOINT WARNING * * *
You slash the bullfrog!
You kill the bullfrog!
The meliai barely misses you. The meliai stings you.
* * * LOW HITPOINT WARNING * * *
A demonic guardian appears!
You slash the meliai!
The meliai is moderately wounded.
The meliai hits you with a +0 hand axe!
* * * LOW HITPOINT WARNING * * *
The meliai stings you.
You die...

## #......... .##
#......... ..# ##.........
###.# #.......... #...#
#..........
..###.#o#########
##..........
.....o.yF4..{.oY#
#...........
####.oF#######y#
##.).....#### ♣....♣.♣K...♣
#h# ##......###
.≈≈≈≈~{~≈≈≈≈.♣#4###..).####
≈≈≈≈~≈y ~≈≈≈≈{#.##...###
.≈≈≈≈o≈ ≈≈≈≈.♣#.#..###
♣...h♣F ...!♣♣#.)÷##
######. ##### #))## #o #)##
#.# #.##


You could see a yak shaped shifter, a meliai (ally target), an orc and a
friendly orange demon (summoned).

Vanquished Creatures
  A centaur warrior (D:8)
  4 yaks (D:8)
  A steam dragon (D:7)
  A water moccasin (D:5)
  A sky beast (D:6)
  An orc warrior (D:6)
  4 ogres
  4 phantoms
  A centaur (D:6)
  A kobold brigand (D:8)
  A weeping skull (Ossuary)
  2 bullfrogs
  2 gnoll sergeants (D:7)
  A scorpion (D:5)
  11 wights
  3 water moccasin zombies (Ossuary)
  A howler monkey (D:5)
  3 orc priests (D:5)
  A bombardier beetle (D:6)
  4 hounds
  3 jellies
  2 iguanas
  5 orc wizards
  A crocodile zombie (Ossuary)
  A bullfrog simulacrum (Ossuary)
  2 mummies (Ossuary)
  Robin (D:2)
  10 gnolls
  15 adders
  A shadow imp (D:7)
  2 adder zombies (Ossuary)
  2 ribbon worms (D:3)
  A dart slug (D:4)
  21 orcs
  10 ball pythons
  A bat (D:1)
  6 endoplasms
  2 giant cockroaches
  10 gnoll zombies (Ossuary)
  17 goblins
  8 hobgoblins
  4 jackals
  9 kobolds
  A quokka (D:2)
  6 frilled lizards
  2 jackal zombies (Ossuary)
  6 orc zombies (Ossuary)
  3 rats
200 creatures vanquished.

Vanquished Creatures (collateral kills)
  A yak (D:8)
  A centaur (D:8)
  A bullfrog (D:8)
  A wight (D:7)
  A white imp (D:8)
  A kobold (D:8)
6 creatures vanquished.

Vanquished Creatures (others)
  An orc (D:8)
1 creature vanquished.

Grand Total: 207 creatures vanquished

Notes
Turn   | Place    | Note
-------+----------+-------------------------------------------
     0 | D:1      | senseless the Demonspawn Shapeshifter began the quest for
                  | the Orb.
     0 | D:1      | Reached XP level 1. HP: 15/15 MP: 1/1
   178 | D:1      | Found Molyor's Jewellery Boutique.
   343 | D:1      | Gained mutation: A weak demonic guardian rushes to your
                  | aid. [demonic ancestry]
   343 | D:1      | Reached XP level 2. HP: 21/21 MP: 2/2
   838 | D:2      | Noticed Robin
   852 | D:2      | Killed Robin
   853 | D:2      | Reached XP level 3. HP: 14/27 MP: 3/3
  1354 | D:2      | Gained mutation: Your movements are slightly less
                  | encumbered by armour. (ER -2) [demonic ancestry]
  1354 | D:2      | Reached XP level 4. HP: 28/33 MP: 4/4
  1751 | D:3      | Found a faded altar of an unknown god.
  1772 | D:3      | Prayed at the altar of an unknown god.
  1772 | D:3      | Became a worshipper of Ashenzari the Shackled
  2019 | D:3      | Reached XP level 5. HP: 39/39 MP: 5/5
  2566 | D:4      | Noticed a phantom
  2590 | D:3      | Killed a phantom
  2715 | D:4      | Noticed an animated shadow dragon scales
  2716 | D:4      | Found Yloren's Armour Emporium.
  2718 | D:4      | Noticed an animated pearl dragon scales
  2796 | D:4      | Found a burning altar of Makhleb.
  2852 | D:4      | Found a snail-covered altar of Cheibriados.
  2879 | D:4      | Gained mutation: Your movements are less encumbered by
                  | armour. (ER -4) [demonic ancestry]
  2879 | D:4      | Reached XP level 6. HP: 36/47 MP: 6/6
  2962 | D:4      | Found a staircase to the Ecumenical Temple.
  3194 | D:4      | Found Osurut's Jewellery Emporium.
  3276 | D:5      | Entered Level 5 of the Dungeon
  3311 | D:5      | Reached skill level 1 in Armour
  3311 | D:5      | Gained mutation: Spells you cast may paralyse adjacent
                  | enemies. [demonic ancestry]
  3311 | D:5      | Reached XP level 7. HP: 39/54 MP: 7/7
  4320 | D:5      | Gained mutation: Your movements are significantly less
                  | encumbered by armour. (ER -6) [demonic ancestry]
  4320 | D:5      | Reached XP level 8. HP: 41/61 MP: 8/8
  4429 | D:5      | Reached skill level 5 in Unarmed Combat
  4644 | D:5      | Found Hedduot's Distillery.
  4692 | D:5      | Reached * piety under Ashenzari
  4966 | D:6      | Identified the +5 falchion of the Living Dead {speed, rPois
                  | rN+ Int+4 Stlth+}
  4991 | D:6      | Reached skill level 5 in Fighting
  5241 | D:6      | Reached skill level 5 in Shapeshifting
  5291 | D:6      | Reached skill level 5 in Dodging
  5534 | D:6      | Identified a scroll of acquirement
  5539 | D:6      | Acquired the +1 cloak of Starlight {*Dazzle EV+4 Stlth--}
  5539 | D:6      | Found the +1 cloak of Starlight {*Dazzle EV+4 Stlth--}
  5694 | D:6      | Gained mutation: A demonic guardian rushes to your aid.
                  | [demonic ancestry]
  5694 | D:6      | Reached XP level 9. HP: 54/69 MP: 9/9
  6109 | D:7      | Found a sand-covered staircase.
  6118 | D:7      | Reached ** piety under Ashenzari
  6154 | D:7      | Found a shimmering altar of Xom.
  6155 | D:7      | Found a shimmering altar of Xom.
  6156 | D:7      | Found a shimmering altar of Xom.
  6156 | D:7      | Found a shimmering altar of Xom.
  6157 | D:7      | Found a shimmering altar of Xom.
  6197 | Ossuary  | Entered an ossuary
  6462 | D:7      | Found a shimmering altar of Xom.
  6555 | D:7      | Found a hide-covered altar of Uskayaw.
  6678 | D:7      | Identified the +1 leather armour of Sofu {rC+ Dex+2}
  7095 | D:7      | Found a hazy altar of Hepliaklqana.
  7336 | D:8      | Reached skill level 5 in Armour
  7342 | D:8      | Reached XP level 10. HP: 20/80 MP: 10/10
  7624 | D:8      | Noticed a centaur warrior
  7647 | D:8      | Noticed a meliai
  7649 | D:8      | Killed a centaur warrior
  7673 | D:8      | Slain by a meliai

Illustrated notes

Levels and vault maps discovered:
D:1:      minmay_arrival_glassed_features, layout_basic, serial_shops,
          nicolae_shop_waterfront, chequers_serial_rivers_micro_a
D:2:      minmay_skewed_foursquare, layout_loops_cross, kennysheep_nub,
          uniq_robin
D:3:      layout_basic, nicolae_ecumenical_snake_handling
D:4:      layout_cave_pools, nicolae_overflow_crystal_walls,
          mainiacjoe_overflow_chevrons, temple_fountains, serial_shops,
          nicolae_shop_waterfront, nicolae_shop_mannequins, kennysheep_path_1
D:5:      layout_loops_cross, overflow_temple_1_default, serial_shops,
          nicolae_shop_rolling_square
D:6:      layout_basic
D:7:      layout_loops_cross, nzn_hepliaklqana_mist_gate,
          mainiacjoe_overflow_surrounded_room, xom_shifter_show,
          nicolae_ossuary_entry_false_entrances
D:8:      nzn_winding_woodlands_small [nzn_winding_woodlands_5x15_sidewinder,
          nzn_winding_woodlands_center_pierced_h,
          nzn_winding_woodlands_5x15_river_crossing], layout_cave_pods,
          mainiacjoe_overflow_catch_the_wave, serial_shops, shop

Skill      XL: |  1  2  3  4  5  6  7  8  9 |
---------------+----------------------------+-----
Dodging        | 2 3 4 5 6 |  6.6
Unarmed Combat | 3 4 5 6 |  6.9
Shapeshifting  | 3 4 5 6 |  6.4
Fighting       | 2 3 4 5 6 |  6.9
Armour         | 1 2 3 5 |  5.4

Action                     |  1- 3 |  4- 6 |  7- 9 | 10-12 || total
---------------------------+-------+-------+-------+-------++-------
  Melee: Unarmed           |    92 |   131 |   133 |       ||   356
         Punch             |     2 |     2 |     5 |       ||     9
         Falchion          |       |       |   245 |    38 ||   283
  Throw: Dart              |       |     6 |    10 |       ||    16
 Invoke: Curse Item        |       |     1 |     3 |       ||     4
Ability: Begin Untransform |       |     1 |     1 |       ||     2
    Use: Scroll            |       |       |    17 |       ||    17
         Potion            |       |       |     2 |       ||     2
   Stab: Sleeping          |     1 |       |     3 |       ||     4
 Armour: Animal skin       |    43 |     2 |       |       ||    45
         Ring mail         |       |    59 |    71 |       ||   130
         Chain mail        |       |       |   129 |    59 ||   188
  Dodge: Dodged            |    38 |    73 |   212 |    25 ||   348
   Form: Beast             |       |     1 |     1 |       ||     2

Table legend: (Time is in decaauts)
 A = Elapsed time spent in this place.
 B = Non-inter-level travel time spent in this place.
 C = Inter-level travel time spent in this place.
 D = Time resting spent in this place.
 E = Time spent auto-exploring this place.
 F = Levels seen in this place.
 G = Mean time per level.
                   A        B        C        D        E       F      G
               +--------+--------+--------+--------+--------+-----+--------+
         Total |   7611 |   7274 |    337 |    898 |   4959 |   9 |  845.7 |
       Dungeon |   7420 |   7083 |    337 |    898 |   4860 |   8 |  927.5 |
       Ossuary |    190 |    190 |      0 |      0 |     99 |   1 |  190.0 |
               +--------+--------+--------+--------+--------+-----+--------+

Top non-repeatable levels by time:
     D:5: 1166 daAuts
     D:4: 1096 daAuts
     D:7: 1043 daAuts
     D:6: 1010 daAuts
     D:3: 973 daAuts
     D:2: 964 daAuts
     D:1: 720 daAuts
     D:8: 445 daAuts
 Ossuary: 190 daAuts
